AoeStats
← Mr. Penis

Highland

505253159Analyzed
4v4 RM · 24d ago on Sep 8, 2026· 42m 12s· 8 players
Game mode
Random Map
Map size
Large (8 player)
Population
200
Speed
Normal
Resources
Standard
Victory
Conquest
Starting age
Dark Age
Ending age
Imperial Age
RankedLock teamsTeams togetherTeam positionsShared explorationLock speedFull tech treeHidden civsTurbo modeCheats
Victory
Defeat
🇦🇷 Mongols · Argentina
1152
+14
🇨🇳 Franks · China
1141
+14
🇷🇺 Jurchens · Russia
1128
+15
🇹🇼 Spanish · Taiwan
1085
+17
🇺🇸 Gurjaras · United States
1111
-15
🇦🇹 Chinese · Austria
1105
-15
🇬🇷 Lithuanians · Greece
1098
-15
🇪🇸 Cumans · Spain
1097
-15
JustOutOfRange
2:11 Loom
10:57 Feudal Age
11:32 Double-Bit Axe
15:09 Gold Mining
19:07 Castle Age
19:05 Horse Collar
20:51 Wheelbarrow
25:54 Imperial Age
23:43 Bow Saw
27:36 Chemistry
27:17 Heavy Plow
27:53 Fletching
28:21 Careening
29:32 Medium Warships
30:58 Town Watch
32:57 Clinker Construction
33:00 Masonry
33:30 Bloodlines
33:20 Husbandry
34:30 Hand Cart
34:18 Bodkin Arrow
36:04 Scale Barding Armor
36:09 Forging
36:55 Ballistics
37:06 Architecture
37:23 Chain Barding Armor
38:10 Gold Shaft Mining
39:21 Plate Barding Armor
39:21 Iron Casting
42:19 Architecture
41:30 Treadmill Crane
aLaNi
8:27 Loom
10:48 Feudal Age
11:14 Double-Bit Axe
11:12 Horse Collar
20:34 Castle Age
19:24 Bloodlines
20:16 Scale Barding Armor
20:38 Forging
24:04 Wheelbarrow
25:03 Chain Barding Armor
24:58 Gold Mining
25:28 Heavy Plow
28:28 Hand Cart
29:45 Iron Casting
30:11 Padded Archer Armor
31:58 Elite Skirmisher
36:12 Imperial Age
36:41 Cavalier
37:39 Leather Archer Armor
37:14 Fletching
38:23 Paladin
39:57 Husbandry
39:34 Pikeman
John Kalztan
4:35 Loom
11:30 Feudal Age
14:04 Wheelbarrow
13:24 Double-Bit Axe
15:16 Horse Collar
22:20 Castle Age
21:26 Stone Mining
21:57 Town Watch
23:27 Hand Cart
23:26 Bow Saw
23:34 Heavy Plow
25:17 Fletching
27:13 Bloodlines
27:10 Thumb Ring
27:02 Gold Mining
28:22 Town Patrol
29:19 Gold Shaft Mining
28:48 Steppe Husbandry
29:52 Bodkin Arrow
30:39 Ballistics
32:47 Padded Archer Armor
37:58 Imperial Age
38:01 Elite Kipchak
39:02 Conscription
39:47 Chemistry
39:16 Parthian Tactics
39:09 Leather Archer Armor
GabberGandalf
0:27 Loom
10:54 Feudal Age
15:47 Gold Mining
21:16 Castle Age
19:39 Double-Bit Axe
20:24 Bloodlines
21:58 Wheelbarrow
22:13 Scale Barding Armor
22:21 Horse Collar
23:51 Husbandry
29:10 Elite Skirmisher
30:13 Bow Saw
35:18 Great Wall
38:53 Hand Cart
39:07 Fletching
39:19 Padded Archer Armor
40:10 Thumb Ring
Gamer
9:09 Loom
11:46 Feudal Age
14:44 Double-Bit Axe
16:08 Horse Collar
21:41 Castle Age
26:19 Wheelbarrow
27:51 Heavy Plow
28:11 Gold Mining
28:47 Bow Saw
31:51 Fletching
34:58 Bloodlines
34:48 Husbandry
37:10 Padded Archer Armor
37:06 Bodkin Arrow
40:12 Imperial Age
38:13 Leather Archer Armor
38:56 Scale Barding Armor
39:04 Forging
39:23 Ballistics
40:51 Chain Barding Armor
40:50 Masonry
41:22 Conscription
西边有座岛
4:22 Loom
11:58 Feudal Age
16:15 Castle Age
15:06 Double-Bit Axe
16:09 Scale Barding Armor
27:06 Town Watch
29:06 Fletching
32:29 Imperial Age
30:54 Wheelbarrow
31:28 Chain Barding Armor
31:42 Forging
32:21 Gold Mining
33:34 Conscription
33:18 Cavalier
35:40 Paladin
36:22 Husbandry
39:29 Plate Barding Armor
39:30 Iron Casting
39:36 Iron Casting
明仔
13:17 Feudal Age
14:35 Loom
19:33 Castle Age
17:25 Horse Collar
19:34 Double-Bit Axe
22:53 Gold Mining
24:33 Wheelbarrow
24:50 Bow Saw
26:15 Fletching
26:29 Padded Archer Armor
27:14 Stone Mining
27:27 Heavy Plow
29:34 Fishing Lines
30:07 Bodkin Arrow
30:27 Leather Archer Armor
35:33 Imperial Age
35:16 Ballistics
35:07 Masonry
41:15 Stone Shaft Mining
41:18 Gold Shaft Mining
41:46 Chemistry
40:42 Murder Holes
40:53 Siege Engineers
41:28 Nomads
41:31 Bracer
41:42 Forging
41:37 Scale Barding Armor
41:40 Caravan
41:48 Husbandry
42:02 Bloodlines
41:27 Elite Steppe Lancer
Mr. Penis
11:17 Feudal Age
13:02 Loom
14:08 Double-Bit Axe
14:04 Horse Collar
17:23 Castle Age
19:07 Bow Saw
20:31 Fervor
21:19 Heavy Plow
22:31 Wheelbarrow
24:04 Gold Mining
25:10 Stone Mining
25:57 Gold Shaft Mining
25:20 Town Watch
28:00 Hand Cart
27:45 Town Patrol
32:55 Imperial Age
32:31 Fortified Bastions
33:08 Scale Barding Armor
33:14 Forging
32:54 Fletching
34:15 Conscription
34:31 Hoardings
36:12 Elite Iron Pagoda
38:48 Husbandry
38:58 Bloodlines
38:09 Light Cavalry
39:11 Chain Barding Armor
38:47 Bodkin Arrow
39:16 Guilds
39:50 Hussar
41:08 Plate Barding Armor
41:09 Iron Casting
40:34 Bracer
40:55 Caravan
41:35 Stone Shaft Mining
Connection lost

Rejoining the realm…

Still unreachable

The connection could not be restored.

Session expired

The server has moved on; the page needs a fresh start.